 Dungeon Crawl Stone Soup version 0.27-a0-789-g6bb3289e1e (webtiles) character file.

Game seed: 836823443269425581

301 robertstho the Shooter (level 6, -6/51 HPs)
             Began as a Minotaur Hunter on Mar 26, 2021.
             Mangled by a yak (8 damage)
             ... on level 3 of the Dungeon.
             The game lasted 00:02:49 (2264 turns).

robertstho the Shooter (Minotaur Hunter)            Turns: 2264, Time: 00:02:49

Health: -6/51      AC: 12    Str: 18    XL:     6   Next: 14%
Magic:  5/5        EV:  6    Int:  8    God:
Gold:   107        SH:  0    Dex: 11    Spells: 5/5 levels left

rFire    . . .     SeeInvis .   a - +1 shortbow
rCold    . . .     Faith    .   (shield currently unavailable)
rNeg     . . .     Spirit   .   e - +0 plate armour
rPois    .         Reflect  .   (helmet restricted)
rElec    .         Harm     .   j - +0 cloak
rCorr    .         Rampage  .   (no gloves)
Will     .....                  (no boots)
Stlth    ..........             (no amulet)
HPRegen  0.17/turn              (no ring)
MPRegen  0.09/turn              (no ring)

@: about to teleport
A: horns 2, retaliatory headbutt
a: no special abilities


You were on level 3 of the Dungeon.
You visited 1 branch of the dungeon, and saw 4 of its levels.

You collected 107 gold pieces.

Inventory:

Hand Weapons
 a - a +1 shortbow (weapon)
 b - a +0 short sword
 c - a +0 war axe
Missiles
 d - 29 arrows (quivered ammo)
Armour
 e - a +0 plate armour (worn)
 j - a +0 cloak (worn)
Scrolls
 i - a scroll of blinking {unknown}
Potions
 h - a potion of attraction


   Skills:
 + Level 3.1 Fighting
 + Level 1.2 Axes
 + Level 7.1 Bows
 + Level 2.5 Armour
 + Level 2.6 Dodging
 + Level 0.7 Stealth


You had 5 spell levels left.
You didn't know any spells.
Your spell library was empty.

Dungeon Overview and Level Annotations

Branches:
Dungeon (4/15)
 Temple: D:4-7

Altars:


Innate Abilities, Weirdness & Mutations

You have a pair of horns on your head.
You reflexively headbutt those who attack you in melee.


Message History

Aim: a yak (lightly wounded, 71% to hit)
You shoot an arrow. The arrow hits the yak!
The yak is moderately wounded.
The yak gores you!
Fire: 33 arrows
Press: ? - help, Q - select action Shift-Dir - straight line, f/p - yak
Aim: a yak (moderately wounded, 72% to hit)
You shoot an arrow. The arrow hits the yak!
The yak is heavily wounded.
The yak gores you but does no damage.
There is a stone staircase leading up here.
The yak gores you but does no damage.
You climb upwards.
There is a stone staircase leading down here.
Fire: 32 arrows
Press: ? - help, Q - select action Shift-Dir - straight line, f - yak
Aim: a yak (heavily wounded, 70% to hit)
You shoot an arrow. The arrow hits the yak.
The yak is severely wounded.
The yak gores you!
* * * LOW HITPOINT WARNING * * *
Fire: 31 arrows
Press: ? - help, Q - select action Shift-Dir - straight line, f/p - yak
Aim: a yak (severely wounded, 70% to hit)
You shoot an arrow. The arrow barely misses the yak.
The yak closely misses you.
Unknown command.
Fire: 30 arrows
Press: ? - help, Q - select action Shift-Dir - straight line, f/p - yak
Aim: a yak (severely wounded, 71% to hit)
You shoot an arrow. The arrow hits the yak.
The yak is severely wounded.
The yak gores you.
* * * LOW HITPOINT WARNING * * *
It was a potion of cancellation.
You feel magically purged. The yak gores you but does no damage.
As you read the scroll labelled DOXTAWUEST, it crumbles to dust.
You feel strangely unstable.
It was a scroll of teleportation.
The yak gores you!
You die...

## .# .### ...#
##.##### .......#
.####..##########
.# ##......##...##
####..#.........@##
###..#.........Y..#
#...##............#
).................#
##..........(....##
...........##...##
##......#..######
#......##.#
#......##.#


You could see a yak.

Vanquished Creatures
  A centaur (D:3)
  A centaur zombie (D:4)
  A gnoll shaman (D:4)
  An orc priest (D:3)
  An orc wizard (D:3)
  A hound skeleton (D:3)
  5 gnolls (D:4)
  2 worms
  2 dart slugs
  2 orcs
  5 endoplasms
  A hobgoblin (D:3)
  2 jackals (D:1)
  3 kobolds
  2 quokkas (D:1)
  4 ball pythons
  A bat (D:3)
  3 frilled lizards
  6 goblins
  3 rats
47 creatures vanquished.

Notes
Turn   | Place    | Note
-------+----------+-------------------------------------------
     0 | D:1      | robertstho the Minotaur Hunter began the quest for the Orb.
     0 | D:1      | Reached XP level 1. HP: 18/18 MP: 0/0
   172 | D:1      | Reached XP level 2. HP: 25/25 MP: 1/1
   726 | D:2      | Reached skill level 5 in Bows
  1212 | D:3      | Reached XP level 3. HP: 30/30 MP: 2/2
  1436 | D:3      | Reached XP level 4. HP: 7/37 MP: 3/3
  1468 | D:3      | Reached skill level 1 in Armour
  1831 | D:3      | Noticed a centaur
  1837 | D:3      | Killed a centaur
  1838 | D:3      | Reached skill level 6 in Bows
  1838 | D:3      | Reached XP level 5. HP: 21/45 MP: 4/4
  2201 | D:4      | Reached skill level 1 in Axes
  2224 | D:4      | Noticed a yak
  2227 | D:4      | Noticed a yak
  2229 | D:4      | Noticed a yak
  2244 | D:4      | Reached skill level 7 in Bows
  2244 | D:4      | Reached XP level 6. HP: 43/51 MP: 5/5
  2262 | D:3      | HP: 2/51 [yak (6)]
  2264 | D:3      | Mangled by a yak

Illustrated notes

Levels and vault maps discovered:
D:1:      amcnicky_arrival_single_pillar, layout_loops_cross
D:2:      layout_basic, chequers_serial_rivers_micro_c
D:3:      layout_rooms, minmay_crystal_room
D:4:      layout_rooms, minmay_temple_entry_grid, serial_shops,
          nicolae_shop_temple_entry_statues_fountains, uniq_edmund

Skill      XL: |  1  2  3  4  5 |
---------------+----------------+-----
Bows           | 5 6 7 |  7.1
Armour         | 2 |  2.5
Fighting       | 3 |  3.1
Axes           | 1 |  1.2
Dodging        | |  2.6
Stealth        | |  0.7

Action                   |  1- 3 |  4- 6 || total
-------------------------+-------+-------++-------
Melee: War axe           |       |    12 ||    12
       Headbutt          |       |     3 ||     3
 Fire: Shortbow          |    77 |    67 ||   144
  Use: Scroll            |       |     2 ||     2
       Potion            |       |     2 ||     2
Armor: Plate armour      |     9 |    23 ||    32
Dodge: Dodged            |     8 |     6 ||    14

Table legend: (Time is in decaauts)
 A = Elapsed time spent in this place.
 B = Non-inter-level travel time spent in this place.
 C = Inter-level travel time spent in this place.
 D = Time resting spent in this place.
 E = Time spent auto-exploring this place.
 F = Levels seen in this place.
 G = Mean time per level.
                   A        B        C        D        E       F      G
               +--------+--------+--------+--------+--------+-----+--------+
         Total |   2270 |   2172 |     98 |      0 |   1833 |   4 |  567.5 |
       Dungeon |   2270 |   2172 |     98 |      0 |   1833 |   4 |  567.5 |
               +--------+--------+--------+--------+--------+-----+--------+

Top non-repeatable levels by time:
     D:3: 930 daAuts
     D:1: 646 daAuts
     D:2: 557 daAuts
     D:4: 136 daAuts
